AoeStats
← suvdan.77

Black Forest

510395192Analyzed
3v3 RM · 1d ago on Sep 30, 2026· 58m 38s· 6 players
Game mode
Random Map
Map size
Normal (6 player)
Population
200
Speed
Normal
Resources
Standard
Victory
Conquest
Starting age
Dark Age
Ending age
Imperial Age
RankedLock teamsTeams togetherTeam positionsShared explorationLock speedFull tech treeHidden civsTurbo modeCheats
Victory
Defeat
🇭🇺 Persians · Hungary
857
+12
🇭🇺 Spanish · Hungary
817
+13
🇭🇺 Franks · Hungary
623
+21
🇪🇸 Byzantines · Spain
816
-38
🇪🇸 Spanish · Spain
790
-17
🇪🇸 Khmer · Spain
648
-11
Lima3
12:00 Feudal Age
14:10 Wheelbarrow
13:21 Loom
13:30 Loom
14:22 Wheelbarrow
13:51 Horse Collar
14:29 Double-Bit Axe
17:04 Stone Mining
20:43 Castle Age
19:38 Gold Mining
22:20 Pikeman
23:00 Squires
22:51 Gambesons
25:56 Heavy Plow
27:22 Bow Saw
28:31 Caravan
29:03 Hand Cart
35:27 Imperial Age
34:03 Guard Tower
37:03 Forging
37:13 Forging
37:46 Ballistics
37:52 Guilds
40:08 Two-Man Saw
39:31 Light Cavalry
40:24 Bloodlines
40:14 Husbandry
39:35 Cavalier
41:34 Chemistry
41:45 Arrowslits
45:42 Paladin
48:42 Scale Mail Armor
48:47 Scale Barding Armor
49:20 Iron Casting
48:56 Elite Conquistador
Ugomez
11:06 Feudal Age
19:08 Castle Age
24:24 Horse Collar
24:36 Double-Bit Axe
26:23 Heavy Plow
28:16 Fletching
31:53 Bodkin Arrow
33:02 Padded Archer Armor
32:33 Crossbowman
34:11 Thumb Ring
35:25 Wheelbarrow
35:12 Ballistics
35:12 Leather Archer Armor
38:53 Imperial Age
36:45 Hand Cart
37:18 Caravan
39:11 Arbalester
40:05 Pikeman
41:15 Bow Saw
40:58 Gold Mining
41:42 Crop Rotation
43:00 Halberdier
47:41 Bracer
48:11 Ring Archer Armor
47:42 Scale Mail Armor
48:50 Chemistry
50:06 Forging
50:38 Gambesons
50:53 Squires
50:39 Arson
SeTaZ
9:22 Feudal Age
20:18 Castle Age
18:32 Double-Bit Axe
19:26 Gold Mining
22:17 Bow Saw
22:38 Horse Collar
23:21 Stone Mining
25:42 Heavy Plow
29:03 Gold Shaft Mining
29:08 Stone Shaft Mining
35:50 Imperial Age
36:20 Ballistics
37:23 Wheelbarrow
36:37 Town Watch
37:34 Crop Rotation
38:35 Double Crossbow
39:49 Chemistry
39:44 Heavy Scorpion
40:52 Hand Cart
41:16 Murder Holes
41:54 Caravan
41:54 Elite Ballista Elephant
47:47 Guard Tower
48:09 Fortified Wall
48:26 Siege Engineers
50:47 Elite Battle Elephant
56:15 Crossbowman
57:23 Parthian Tactics
56:19 Heavy Cavalry Archer
58:05 Tusk Swords
OG Sonic
6:24 Loom
11:36 Feudal Age
15:11 Castle Age
14:37 Double-Bit Axe
19:39 Horse Collar
23:27 Wheelbarrow
22:56 Heavy Plow
24:03 Gold Mining
25:38 Hand Cart
31:16 Imperial Age
29:22 Bow Saw
30:55 Caravan
31:56 Forging
31:52 Scale Barding Armor
31:38 Fletching
33:18 Town Watch
34:08 Crop Rotation
34:40 Two-Man Saw
33:33 Stone Mining
34:20 Gold Shaft Mining
34:35 Iron Casting
34:21 Chain Barding Armor
35:55 Stone Shaft Mining
35:58 Citadels
35:11 Elite War Elephant
36:12 Conscription
36:11 Town Patrol
38:14 Husbandry
38:27 Bloodlines
38:22 Cavalier
38:26 Light Cavalry
38:29 Heavy Camel Rider
39:17 Thumb Ring
40:15 Blast Furnace
39:51 Plate Barding Armor
39:11 Bodkin Arrow
40:56 Savar
40:59 Hussar
41:42 Padded Archer Armor
42:47 Chemistry
42:08 Ballistics
41:46 Murder Holes
43:37 Onager
48:22 Leather Archer Armor
47:46 Elite Skirmisher
47:47 Crossbowman
suvdan.77
0:33 Loom
12:36 Feudal Age
16:49 Castle Age
28:07 Double-Bit Axe
29:57 Bow Saw
30:34 Gold Mining
30:38 Stone Mining
36:54 Imperial Age
34:40 Forging
34:30 Scale Mail Armor
34:36 Scale Barding Armor
34:32 Padded Archer Armor
34:22 Fletching
35:10 Gold Shaft Mining
35:35 Chain Mail Armor
36:47 Man-at-Arms
36:48 Pikeman
37:13 Gambesons
37:29 Squires
36:59 Cavalier
37:39 Husbandry
38:21 Iron Casting
38:17 Plate Mail Armor
38:08 Chain Barding Armor
38:03 Leather Archer Armor
37:44 Bodkin Arrow
38:27 Wheelbarrow
39:00 Chemistry
38:40 Paladin
40:49 Blast Furnace
41:24 Hand Cart
42:32 Plate Barding Armor
45:04 Caravan
LordPRTKR
0:34 Loom
13:34 Feudal Age
17:06 Castle Age
19:52 Double-Bit Axe
19:50 Horse Collar
22:19 Heavy Plow
22:36 Bow Saw
29:46 Wheelbarrow
36:17 Imperial Age
34:06 Hand Cart
36:41 Gold Mining
38:09 Caravan
38:42 Coinage
38:22 Guilds
38:01 Town Watch
43:59 Chemistry
43:19 Ballistics
44:24 Squires
44:10 Arson
44:11 Gambesons
44:50 Conscription
43:51 Elite Conquistador
43:58 Onager
46:08 Husbandry
46:19 Bloodlines
47:12 Thumb Ring
48:17 Scale Barding Armor
48:13 Scale Mail Armor
48:13 Padded Archer Armor
48:04 Fletching
48:25 Forging
49:16 Man-at-Arms
49:17 Pikeman
Connection lost

Rejoining the realm…

Still unreachable

The connection could not be restored.

Session expired

The server has moved on; the page needs a fresh start.